 Dungeon Crawl Stone Soup version 0.17.2-1-ge4368a0 (webtiles) character file.

227 Goblin1989 the Skirmisher (level 5, 0/47 HPs)
             Began as a Demonspawn Monk on July 8, 2017.
             Slain by a giant frog skeleton (4 damage)
             ... on level 5 of the Dungeon.
             The game lasted 00:05:47 (2329 turns).

Goblin1989 the Skirmisher (Demonspawn Monk)         Turns: 2329, Time: 00:05:47

Health: 0/47       AC:  5    Str: 12    XL:     5   Next: 70%
Magic:  5/5        EV: 11    Int: 11    God:
Gold:   172        SH:  0    Dex: 16    Spells: 0 memorised, 4 levels left

rFire  . . .     SeeInvis .       - Unarmed
rCold  + . .     Clarity  .     q - +0 ring mail (curse)
rNeg   . . .     SustAt   .     (no shield)
rPois  .         Gourm    .     (no helmet)
rElec  .         Spirit   .     (no cloak)
rCorr  .         Warding  .     (no gloves)
rMut   .         Stasis   .     (no boots)
MR     .....                    r - amulet of regeneration
Stlth  +.........               (no ring)
                                (no ring)

@: not resistant to hostile enchantments, very unstealthy
A: cold resistance 1, spiny 1, freezing cloud immunity
a: no special abilities


You were on level 5 of the Dungeon.
You were very hungry.

You visited 1 branch of the dungeon, and saw 5 of its levels.

You collected 172 gold pieces.

Inventory:

Hand Weapons
 d - a cursed -3 whip
 o - a +0 morningstar
Missiles
 a - 3 needles of sleeping
Armour
 f - a +0 ring mail
 j - a +0 chain mail
 q - a cursed +0 ring mail (worn)
Jewellery
 r - an amulet of regeneration (around neck)
Scrolls
 b - a scroll of fear {unknown}
 g - a scroll of enchant armour {unknown}
 h - 4 scrolls of identify {unknown}
 i - a scroll of noise {unknown}
 l - 4 scrolls of remove curse {unknown}
Potions
 p - a potion of poison {unknown}
Books
 n - a book of the Warp

   Spells                             Type                      Level
   a - Recall                         Summoning/Translocation      3
   b - Gell's Gravitas                Hexes/Translocation          3
   c - Force Lance                    Conjuration/Translocation    4
   d - Phase Shift                    Translocation                5
   e - Warp Weapon                    Charms/Translocation         5
   f - Summon Forest                  Summoning/Translocation      5
Comestibles
 c - a meat ration {@e2}
 e - 3 bread rations {@e1}
 k - a royal jelly
 m - 3 beef jerkies


   Skills:
 + Level 6.5 Fighting
 - Level 2.6 Dodging
 - Level 1.7 Stealth
 - Level 3.6 Unarmed Combat


You had 4 spell levels left.
You didn't know any spells.

Dungeon Overview and Level Annotations

Branches:
Dungeon (5/15)
 Temple: D:4-7

Altars:
Qazlal


Innate Abilities, Weirdness & Mutations

Your flesh is cold resistant.
You are partially covered in sharp spines.
You are immune to freezing clouds.


Message History

There is an open door here.
You now have 164 gold pieces (gained 7).
You open the door.
There is an open door here.
You open the door.
There is an open door here.
e - 3 bread rations {@e1} (gained 1)
You now have 172 gold pieces (gained 8).
You open the door.
There is an open door here.
There is an open door here.
There is an open door here.
You open the door.
Found a stone staircase leading down.
There is an open door here.
l - 4 scrolls labeled MIOLOSCH LOHU (gained 1)
You are feeling very hungry.
You open the door.
There is an open door here.
Found a stone staircase leading up.
An orc wizard comes into view. It is wielding a dagger.
An orc wizard comes into view. It is wielding a dagger.
The orc wizard moves out of view.
An orc priest and an orc wizard come into view.
The orc priest shouts!
The orc wizard shouts!
The orc wizard moves out of view. 2 gnolls come into view.
The gnoll shouts! x2
The orc wizard shouts! x2
The orc priest calls down the wrath of Beogh upon you.
Something smites you!
A gnoll and an orc come into view.
The gnoll shouts!
The orc shouts!
The orc priest calls down the wrath of Beogh upon you.
Pain shoots through your body!
You are too injured to fight recklessly!
You are too injured to fight recklessly!
You are too injured to fight recklessly!
You are too injured to fight recklessly!
You take 21 damage, and have 26/47 hp.
MASSIVE DAMAGE!!
You are too injured to fight recklessly!
You are too injured to fight recklessly!
You are too injured to fight recklessly!
You are too injured to fight recklessly!
You are too injured to fight recklessly!
You are too injured to fight recklessly!
You are too injured to fight recklessly!
You are too injured to fight recklessly!
You are too injured to fight recklessly!
You are too injured to fight recklessly!
You are too injured to fight recklessly!
You are too injured to fight recklessly!
You are too injured to fight recklessly!
You are too injured to fight recklessly!
You are too injured to fight recklessly!
You are too injured to fight recklessly!
You are too injured to fight recklessly!
You are too injured to fight recklessly!
You are too injured to fight recklessly!
You are too injured to fight recklessly!
You are too injured to fight recklessly!
You are too injured to fight recklessly!
You are too injured to fight recklessly!
You are too injured to fight recklessly!
You are too injured to fight recklessly!
The orc wizard mumbles some strange words.
The orc wizard seems to speed up.
The orc wizard casts a spell at you. The magic dart hits you!
You take 5 damage, and have 22/47 hp.
The orc wizard gestures wildly while chanting.
The orc wizard blinks!
The orc priest mumbles some strange prayers to Beogh against you.
Something smites you!
* * * LOW HITPOINT WARNING * * *
The orc wizard gestures wildly while chanting.
The orc wizard blinks!
You take 11 damage, and have 12/47 hp.
MASSIVE DAMAGE!!
An adder comes into view.
The orc wizard casts a spell at you. The puff of flame hits you!
* * * LOW HITPOINT WARNING * * *
You take 6 damage, and have 9/47 hp.
The orc priest mumbles some strange prayers to Beogh against you.
Something smites you!
* * * LOW HITPOINT WARNING * * *
There is an open door here.
You take 7 damage, and have 2/47 hp.
The orc priest miscasts a cantrip.
There is a stone staircase leading down here.
You climb downwards.
An ice beast and 2 skeletons come into view.
Found a stone staircase leading down.
There is a stone staircase leading up here.
The giant frog skeleton is struck by your spines.
The giant frog skeleton hits you.
* * * LOW HITPOINT WARNING * * *
You take 4 damage, and have 4/47 hp.
The giant frog skeleton hits you.
You die...

█. ....... ..
........█ ..
█........█ .█
█........█ .████.█
█......Y.█ .....%.
█......Z.██>......
█.......Z@█
█.........█
█.........█
█.....<...█
█.....$...█
█.........█
█.........█


███████████ You could see an ice beast, a giant frog skeleton and a centaur
skeleton.

Vanquished Creatures
  A centaur (D:3)
  An orc wizard (D:3)
  3 adders
  2 oozes (D:3)
  A worm (D:4)
  3 giant geckos
  7 orcs (D:3)
  A ball python (D:2)
  4 goblins
  3 hobgoblins
  8 jackals
  5 kobolds
  2 quokkas
  4 bats
  7 giant cockroaches
  4 giant newts
  5 rats
61 creatures vanquished.

Notes
Turn   | Place    | Note
--------------------------------------------------------------
     0 | D:1      | Goblin1989 the Demonspawn Monk began the quest for the Orb.
     0 | D:1      | Reached XP level 1. HP: 18/18 MP: 1/1
   470 | D:1      | Gained mutation: Your flesh is cold resistant. [demonic ancestry]
   470 | D:1      | Reached XP level 2. HP: 24/24 MP: 2/2
   934 | D:2      | Reached skill level 4 in Fighting
   946 | D:2      | Gained mutation: You are immune to freezing clouds. [demonic ancestry]
   946 | D:2      | Reached XP level 3. HP: 28/30 MP: 3/3
  1071 | D:2      | Found a stormy altar of Qazlal.
  1270 | D:3      | Gained mutation: You are partially covered in sharp spines. [demonic ancestry]
  1270 | D:3      | Reached XP level 4. HP: 19/38 MP: 4/4
  1271 | D:3      | Reached skill level 5 in Fighting
  1583 | D:3      | Noticed a centaur
  1593 | D:3      | Killed a centaur
  1593 | D:3      | Reached skill level 6 in Fighting
  1593 | D:3      | Reached XP level 5. HP: 17/47 MP: 5/5
  2315 | D:4      | HP: 2/47 [orc priest/divine providence (8)]
  2326 | D:5      | Entered Level 5 of the Dungeon
  2326 | D:5      | Noticed an ice beast
  2329 | D:5      | Slain by a giant frog skeleton

Action                   |  1- 3 |  4- 6 || total
-------------------------+-------+-------++-------
Melee: Unarmed           |   112 |    58 ||   170
 Stab: Sleeping          |     2 |     2 ||     4
  Eat: Chunk             |       |     4 ||     4

Vault maps used:
D:1:      minmay_arrival_stair_chambers
D:2:      nicolae_overflow_crystal_walls
D:4:      first_bread
D:5:      jiyva_altar_1, uniq_grinder, uniq_pikel
